 Dungeon Crawl Stone Soup version 0.17-a0-2211-gbb7320e (webtiles) character file.

109 Ordine the Magician (level 4, -2/24 HPs)
             Began as a Deep Elf Wizard on Oct 27, 2015.
             Killed from afar by Crazy Yiuf (11 damage)
             ... with a wand of flame
             ... on level 1 of the Dungeon.
             The game lasted 00:08:27 (2797 turns).

Ordine the Magician (Deep Elf Wizard)               Turns: 2797, Time: 00:08:27

Health: -2/24      AC:  6    Str:  4    XL:     4   Next: 59%
Magic:  1/13       EV: 12    Int: 29    God:
Gold:   69         SH:  0    Dex: 13    Spells: 5 memorised, 2 levels left

rFire  . . .     SeeInvis .     g - +2 short sword (holy)
rCold  . . .     Clarity  .     a - +0 robe
rNeg   . . .     SustAt   .     (no shield)
rPois  .         Gourm    .     f - +0 helmet
rElec  .         Spirit   .     (no cloak)
rCorr  .         Warding  .     l - +2 pair of gloves
rMut   .         Stasis   .     (no boots)
MR     .....                    (no amulet)
Stlth  ++........               (no ring)
                                (no ring)

@: brilliant, not resistant to hostile enchantments, unstealthy
A: no striking features
a: no special abilities


You were on level 1 of the Dungeon.
You were hungry.

You visited 1 branch of the dungeon, and saw 2 of its levels.

You collected 69 gold pieces.

Inventory:

Hand Weapons
 g - a +2 short sword of holy wrath (weapon)
Armour
 a - a +0 robe (worn)
 f - a +0 helmet (worn)
 l - a +2 pair of gloves (worn)
Potions
 h - a potion of brilliance
 i - a potion of cancellation {unknown}
 j - a potion of might {unknown}
Books
 c - a book of Minor Magic

   Spells                             Type                      Level
   a - Magic Dart                     Conjuration                  1
   b - Blink                          Translocation                2
   c - Call Imp                       Summoning                    2
   d - Repel Missiles                 Charms/Air                   2
   e - Slow                           Hexes                        2
   f - Conjure Flame                  Conjuration/Fire             3
   g - Mephitic Cloud                 Conjuration/Poison/Air       3
 m - a book of Party Tricks

   Spells                             Type                      Level
   a - Summon Butterflies             Summoning                    1
   b - Apportation                    Translocation                1
   c - Tukima's Dance                 Hexes                        3
   d - Alistair's Intoxication        Transmutation/Poison         4
   e - Invisibility                   Hexes                        6
Comestibles
 d - 3 bread rations


   Skills:
 + Level 0.2 Fighting
 + Level 0.2 Short Blades
 + Level 2.4 Dodging
 - Level 2.4 Stealth
 * Level 5.1 Spellcasting
 + Level 4.1 Conjurations
   Level 1.1 Summonings
 + Level 1.3 Translocations
 + Level 0.2 Fire Magic
 + Level 0.2 Air Magic


You had 2 spell levels left.
You knew the following spells:

 Your Spells              Type           Power        Failure   Level  Hunger
a - Magic Dart            Conj           ####         1%          1    None
b - Blink                 Tloc           N/A          1%          2    None
c - Conjure Flame         Conj/Fire      #####...     1%          3    None
d - Mephitic Cloud        Conj/Pois/Air  ####....     1%          3    None
e - Repel Missiles        Chrm/Air       ####..       1%          2    None


Dungeon Overview and Level Annotations

Branches:
Dungeon (2/15)

Altars:

Annotations:
D:1 Crazy Yiuf


Message History

Drink which item? (? for menu, Esc to quit)
You feel better.
Crazy Yiuf says, "Prologue poople King!"
Crazy Yiuf zaps a wand.
The puff of flame misses you.
Drink which item? (? for menu, Esc to quit)
It was a potion of brilliance.
You feel clever all of a sudden.
Crazy Yiuf yells, "Mama illywillydillykilly action!"
Crazy Yiuf zaps a wand.
The puff of flame misses you.
Casting: Conjure Flame
Confirm with . or Enter, or press ? or * to list all spells.
Aiming: Magic Dart
Press: ? - help, Shift-Dir - straight line, f - Crazy Yiuf
Aim: Crazy Yiuf, wielding a quarterstaff of chaos, wearing a runed cloak and carrying a wand of flame {zapped: 13} (moderately wounded)
The magic dart hits Crazy Yiuf.
Crazy Yiuf is heavily wounded.
Crazy Yiuf zaps a wand.
The puff of flame hits you!
Crazy Yiuf screams, "Flower meccalolo sow!"
Crazy Yiuf zaps a wand.
The puff of flame hits you!
You die...

### ### ########## #.# #.#
.........# #.# #.# ########## #.#
#.# # #.# #.# ######### #.# #.#
........# #@# #.# ........### #.#
##.# ........#.#
#.#####..######## ........#.#
###g..............##
#########.####...................
#########........................
..............).....[............
........#.......#.##.#.#.##.##.#.
........#.......#>##.#.#.##.##.#.


You could see Crazy Yiuf.

Vanquished Creatures
  Robin (D:1)
  3 adders (D:2)
  3 oozes
  3 worms (D:2)
  A giant gecko (D:1)
  2 bats
  5 hobgoblins (D:2)
  8 kobolds
  A quokka (D:2)
  A giant cockroach (D:1)
  5 giant newts
  16 goblins
  3 rats (D:1)
52 creatures vanquished.

Notes
Turn   | Place    | Note
--------------------------------------------------------------
     0 | D:1      | Ordine the Deep Elf Wizard began the quest for the Orb.
     0 | D:1      | Reached XP level 1. HP: 10/10 MP: 7/7
   190 | D:1      | Reached XP level 2. HP: 15/15 MP: 6/9
   195 | D:1      | Learned a level 2 spell: Blink
   198 | D:1      | Learned a level 2 spell: Repel Missiles
   720 | D:1      | Reached XP level 3. HP: 19/19 MP: 3/11
   790 | D:1      | Learned a level 3 spell: Conjure Flame
   794 | D:1      | Learned a level 3 spell: Mephitic Cloud
  1178 | D:2      | Noticed Robin
  1238 | D:1      | Killed Robin
  1483 | D:2      | Reached skill level 5 in Spellcasting
  1516 | D:2      | Reached XP level 4. HP: 24/24 MP: 0/13
  1967 | D:2      | Noticed Crazy Yiuf
  2797 | D:1      | Killed from afar by Crazy Yiuf

Vault maps used:
D:1:      dpeg_chamrin_arrival_tetris, st_stairs_14
D:2:      uniq_crazy_yiuf_cottage, uniq_robin

Action                   |  1- 3 |  4- 6 || total
-------------------------+-------+-------++-------
 Cast: Magic Dart        |    87 |    43 ||   130
       Repel Missiles    |     1 |       ||     1
       Conjure Flame     |     2 |     4 ||     6
       Blink             |     2 |     1 ||     3
  Use: Scroll            |     2 |     2 ||     4
       Potion            |       |     2 ||     2
  Eat: Chunk             |     2 |     3 ||     5
